 Dungeon Crawl Stone Soup version 0.15.2 (webtiles) character file.

994 maxwelld the Ruffian (level 7, -6/71 HPs)
             Began as a Troll Berserker on Dec 13, 2014.
             Was a Priest of Trog.
             Mangled by a goliath beetle (28 damage)
             ... on Level 6 of the Dungeon.
             The game lasted 00:23:21 (4191 turns).

maxwelld the Ruffian (Troll Berserker)              Turns: 4191, Time: 00:23:22

HP  -6/71        AC  6     Str 28      XL: 7   Next: 99%
MP   3/3         EV 11     Int  3      God: Trog [***...]
Gold 137         SH  0     Dex  9      Spells:  0 memorised,  6 levels left

rFire  . . .     SeeInvis .       - Unarmed
rCold  . . .     Clarity  .     b - +0 animal skin
rNeg   . . .     rCorr    .     (shield restricted)
rPois  .         rRot     .     (helmet restricted)
rElec  .         Spirit   .     l - +0 cloak
SustAb .         Warding  .     (gloves unavailable)
rMut   .         Stasis   .     (boots unavailable)
Gourm  +                        (no amulet)
MR     .....                    (no ring)
                                (no ring)

@: not resistant to hostile enchantments, very unstealthy
A: unfitting armour, claws 3, fast metabolism 3, gourmand, regeneration 2,
saprovore 2, shaggy fur 1, tough skin 2
a: Burn Spellbooks, Berserk, Trog's Hand, Renounce Religion


You were on level 6 of the Dungeon.
You worshipped Trog.
Trog was most pleased with you.
You were full.

You visited 1 branch of the dungeon, and saw 6 of its levels.

You collected 137 gold pieces.

Inventory:

Hand weapons
 i - a +0 vampiric whip
 m - a +0 bardiche
 o - a +4 quarterstaff of chaos
 u - a cursed -1 mace
 v - a cursed -1 hunting sling
 D - a +0 flail of protection
Missiles
 h - 12 tomahawks (quivered)
 p - 22 bolts of frost
Armour
 b - a +0 animal skin (worn)
 l - a +0 cloak (worn)
Magical devices
 j - a wand of polymorph (9) {unknown}
 n - a wand of random effects (13) {unknown}
 C - a wand of slowing (14) {unknown}
Comestibles
 a - 3 meat rations
 k - 2 bread rations
 s - 3 fruits
 t - a slice of pizza
 B - a beef jerky
Scrolls
 d - 3 scrolls of teleportation {unknown}
 e - 2 scrolls of remove curse {unknown}
 f - a scroll of fog {unknown}
 q - a scroll of fear {unknown}
 r - a scroll of enchant weapon {unknown}
 y - a scroll of immolation {unknown}
 A - 2 scrolls of enchant armour {unknown}
Potions
 c - a potion of brilliance {unknown}
 g - 4 potions of curing {unknown}
 w - a potion of heal wounds {unknown}
 x - a potion of lignification {unknown}
 z - a potion of magic {unknown}


   Skills:
 + Level 4.8 Fighting
 + Level 0.5 Throwing
 + Level 4.7 Dodging
 + Level 0.7 Stealth
 + Level 6.6 Unarmed Combat


You had 6 spell levels left.
You didn't know any spells.

Dungeon Overview and Level Annotations

Branches:
Dungeon (6/15)
 Temple: D:4-7

Altars:
Fedhas
Makhleb
Nemelex Xobeh
Yredelemnul


Innate Abilities, Weirdness & Mutations

You are too large for most types of armour.
You have claws for hands.
Your metabolism is lightning-fast.
You like to eat raw meat.
You heal very quickly.
You can eat rotten meat.
You are covered in fur (AC +1).
You have very tough skin (AC +2).


Message History

Trog accepts your kill.
You scratch the goliath beetle but do no damage.
You claw the goliath beetle!
The goliath beetle is moderately wounded.
The goliath beetle bites you!
You claw the goliath beetle!
The goliath beetle is heavily wounded.
You scratch the goliath beetle.
The goliath beetle is severely wounded.
You scratch the goliath beetle.
The goliath beetle is severely wounded.
The goliath beetle bites you!!
* * * LOW HITPOINT WARNING * * *
You claw the goliath beetle!
You claw the goliath beetle, but do no damage.
The goliath beetle is almost dead.
You scratch the goliath beetle.
The goliath beetle is almost dead.
The goliath beetle bites you!!
You die...

#..#.... ..
..###+###..#.... +..
...........'.... ...
...........#.... #..
#+#####.....##....
###..##...######+###....
#....<#.................
+.....#.................
#.....B@[...............
##...##....##.....##....
#.. #....##'######....
#. #............'.... +
+............#....
#............#....
##+####.....#.....
#######..... #.####


You could see a goliath beetle.

Vanquished Creatures
  Grinder (D:6)
  Edmund (D:6)
  A centaur (D:5)
  Blork the orc (D:5)
  A scorpion (D:4)
  A crimson imp (D:5)
  A centaur zombie (D:5)
  A hound (D:6)
  Crazy Yiuf (D:2)
  An orc priest (D:4)
  2 iguanas
  An orc wizard (D:4)
  2 worker ants (D:4)
  3 adders
  A shadow imp (D:5)
  3 giant mites (D:5)
  3 worms
  A goliath beetle zombie (D:5)
  An iguana skeleton (D:4)
  5 giant geckos
  An ooze (D:4)
  10 orcs
  10 giant cockroaches
  14 hobgoblins
  A quokka (D:3)
  A ball python (D:1)
  10 bats
  5 giant newts
  6 goblins
  8 kobolds
  An orc zombie (D:5)
  6 rats
105 creatures vanquished.

Notes
Turn   | Place    | Note
--------------------------------------------------------------
     0 | D:1      | maxwelld, the Troll Berserker, began the quest for the Orb.
     0 | D:1      | Reached XP level 1. HP: 22/22 MP: 1/1
   152 | D:1      | Reached XP level 2. HP: 29/29 MP: 1/1
  1052 | D:2      | Acquired Trog's second power
  1079 | D:2      | Reached XP level 3. HP: 36/36 MP: 2/2
  1475 | D:2      | Noticed Crazy Yiuf
  1487 | D:2      | Killed Crazy Yiuf
  1659 | D:3      | Reached XP level 4. HP: 42/44 MP: 2/2
  1841 | D:3      | Found a burning altar of Makhleb.
  2054 | D:3      | Found a blossoming altar of Fedhas.
  2394 | D:4      | Reached skill level 4 in Unarmed Combat
  2571 | D:4      | Reached XP level 5. HP: 22/53 MP: 2/2
  2945 | D:4      | Reached XP level 6. HP: 61/61 MP: 3/3
  3076 | D:5      | Entered Level 5 of the Dungeon
  3082 | D:5      | Noticed Blork the orc
  3104 | D:5      | Killed Blork the orc
  3104 | D:5      | Reached skill level 5 in Unarmed Combat
  3186 | D:5      | Found a basalt altar of Yredelemnul.
  3484 | D:5      | Reached XP level 7. HP: 55/70 MP: 3/3
  4067 | D:6      | Noticed Edmund
  4077 | D:6      | Killed Edmund
  4077 | D:6      | Reached skill level 6 in Unarmed Combat
  4099 | D:6      | Found a sparkling altar of Nemelex Xobeh.
  4108 | D:6      | Noticed Grinder
  4109 | D:6      | Paralysed by Grinder for 7 turns
  4144 | D:6      | Killed Grinder
  4191 | D:6      | Mangled by a goliath beetle

Action                   |  1- 3 |  4- 6 |  7- 9 || total
-------------------------+-------+-------+-------++-------
Melee: Unarmed           |   108 |   174 |    56 ||   338
Throw: Tomahawk          |       |     2 |     5 ||     7
Invok: Trog's Hand       |     1 |       |       ||     1
       Burn Spellbooks   |       |     1 |       ||     1
       Berserk           |       |     1 |       ||     1
 Stab: Sleeping          |     1 |       |       ||     1
  Eat: Chunk             |    16 |    21 |     4 ||    41
